[Event "*** Titled Tuesday Blitz"]
[Site "Chess.com"]
[Date "2021.04.06"]
[Round "9"]
[White "ViditYT"]
[Black "Aleksey_Sorokin"]
[Result "0-1"]
[WhiteElo "2927"]
[BlackElo "2818"]
[TimeControl "180+1"]
[EndTime "11:45:11 PDT"]
[Termination "Aleksey_Sorokin won by checkmate"]

1. d4 Nf6 2. c4 g6 3. g3 Bg7 4.
Bg2 d5 5. cxd5 Nxd5 6. e4 Nb6 7. Ne2 c5 8. d5 O-O 9. O-O e6 10. Nbc3 Na6 11. a3 exd5 12. exd5 Re8 13. h3 Bf5 14. g4 Bd7 15. Be3 Nc4 16. Bf4 Nxb2 17. Qc2 Na4 18. d6 Nxc3 19. Nxc3 Bc6 20. Bxc6 bxc6 21. Bg3 c4 22.
Rad1 Nc5 23. Na4 Nxa4 24. Qxa4 c3 25. d7 Re6 26. Rd3 c5 27. Rb1 Bd4 28. Rb7 Re7 29.
Bh4 Re1+ 30. Kg2 Qxh4 31. Rxa7 Qxf2# 0-1

[Event "*** Titled Tuesday Blitz"]
[Site "Chess.com"]
[Date "2021.04.06"]
[Round "9"]
[White "dhaessel"]
[Black "Fortitudine"]
[Result "0-1"]
[WhiteElo "2081"]
[BlackElo "2282"]
[TimeControl "180+1"]
[EndTime "11:45:11 PDT"]
[Termination "Fortitudine won on time"]

1. d4 Nf6 2. c4 c5 3. d5 b5 4.
cxb5 a6 5. bxa6 g6 6. Nc3 Bg7 7.
Nf3 O-O 8. g3 d6 9. Bg2 Nxa6 10.
O-O Qa5 11. Bd2 Nc7 12. e4 Ng4 13. Qc2 Ba6 14. Rfe1 Nb5 15. h3 Ne5 16. Nxe5 Bxe5 17. Nxb5 Qxb5 18. Bc3 Bxc3 19. Qxc3 Rfb8 20. Reb1 Qb4 21.
Qe3 Qd4 22. b3 Qxe3 23. fxe3 Bd3 24. Rd1 Be2 25. Rd2 Bb5 26. Kf2 Kg7 27. Bf1 Bxf1 28. Rxf1 Kf6 29. Rc1 Ke5 30. Kf3 Rb4 31. Rc4 Rxc4 32.
bxc4 Ra3 33. Rc2 e6 34. dxe6 fxe6 0-1

[Event "*** Titled Tuesday Blitz"]
[Site "Chess.com"]
[Date "2021.04.06"]
[Round "9"]
[White "northridgehawk"]
[Black "Klavdia_Nik"]
[Result "1-0"]
[WhiteElo "2310"]
[BlackElo "2052"]
[TimeControl "180+1"]
[EndTime "11:45:12 PDT"]
[Termination "northridgehawk won by checkmate"]

1. e4 e6 2. d3 d5 3. Nd2 c5 4. g3 Nc6 5. Bg2 g6 6. Ngf3 Bg7 7. O-O Nge7 8. Re1 O-O 9. c3 e5 10. exd5 Nxd5 11. Ne4 b6 12. Bg5 f6 13. Bc1 Be6 14. h4 h5 15. a4 Qd7 16. Kh2 Kh7 17. Nfd2 Rad8 18. Nc4 Nde7 19. Ncd6 Nf5 20. Nxf5 Bxf5 21. a5 Nxa5 22. Nxc5 bxc5 23. Rxa5 Qc7 24. Qa4 Rd7 25. Be3 Bxd3 26. Rxc5 Qd6 27. Rc6 Qb8 28. Rxf6 Rdf7 29. Rxf7 Rxf7 30. Rd1 e4 31. Ra1 Qxb2 32. Ra2 Qxc3 33.
Qa3 Qxa3 34. Rxa3 a6 35. Ra5 Rc7 36. Rd5 Bc3 37. Rd6 a5 38. Bf4 Re7 39. Bg5 Rf7 40. Be3 Bb4 41. Rd8 Re7 42. Ra8 Rf7 43. Bd4 Rd7 44.
Rh8# 1-0

[Event "*** Titled Tuesday Blitz"]
[Site "Chess.com"]
[Date "2021.04.06"]
[Round "9"]
[White "MasterKroket"]
[Black "MarcoRiehle"]
[Result "0-1"]
[WhiteElo "2525"]
[BlackElo "2673"]
[TimeControl "180+1"]
[EndTime "11:45:13 PDT"]
[Termination "MarcoRiehle won by resignation"]

1. d4 d5 2. c4 e6 3. Nf3 Nf6 4. Nc3 c5 5. cxd5 Nxd5 6. e4 Nxc3 7. bxc3 cxd4 8. cxd4 Bb4+ 9. Bd2 Bxd2+ 10. Qxd2 O-O 11. Bd3 Nc6 12. Bc2 Qf6 13. O-O Rd8 14. Rad1 b6 15. h3 Bb7 16. d5 exd5 17. e5 Nxe5 18. Nd4 Rac8 19. Rfe1 Re8 20. Qe3 Re7 21. Qg3 g6 22. Nf5 Re6 23. Nd4 Ree8 24. Bb3 Nc4 25. Rxe8+ Rxe8 26. Qc7 Qe7 27. Nb5 a6 28. Bxc4 dxc4 29. Qxe7 Rxe7 30. Rd8+ Kg7 31. Nd6 b5 32. g4 h5 33. g5 h4 34. Ne8+ Rxe8 35. Rxe8 c3 36. Re7 Bd5 37. a3 a5 38. Kf1 b4 39. axb4 axb4 40. Ke2 b3 41. Kd1 b2 42. Kc2 Be6 43. Rb7 Bf5+ 44. Kxc3 b1=Q 0-1

[Event "*** Titled Tuesday Blitz"]
[Site "Chess.com"]
[Date "2021.04.06"]
[Round "9"]
[White "Goryachkina"]
[Black "Evgeny81"]
[Result "1/2-1/2"]
[WhiteElo "2638"]
[BlackElo "2765"]
[TimeControl "180+1"]
[EndTime "11:45:14 PDT"]
[Termination "Game drawn by repetition"]

1. e4 e5 2. Nf3 Nc6 3. Nc3 Nf6 4.
h3 Bb4 5. Nd5 Nxd5 6. exd5 Nd4 7. Nxd4 exd4 8. Be2 O-O 9. O-O c6 10. d3 Bd6 11. Bf3 Qc7 12. Re1 b6 13. Bg5 Bb7 14.
Be7 Rfe8 15. Bxd6 Qxd6 16. dxc6 dxc6 17. Qd2 h6 18. Rxe8+ Rxe8 19. Re1 Rxe1+ 20. Qxe1 Kf8 21. Qe4 g6 22. a3 a5 23. h4 h5 24. g3 a4 25. Kg2 Qc5 26. Qf4 Ba6 27. Qb8+ Kg7 28.
Qd8 Bb5 29. Be4 Kh7 30. Qf6 Kg8 31. Qd8+ Kh7 32. Qd7 Kg8 33. Qd8+ Kh7 1/2-1/2

[Event "*** Titled Tuesday Blitz"]
[Site "Chess.com"]
[Date "2021.04.06"]
[Round "9"]
[White "Mazanchenko_Dmitry"]
[Black "Sergey85Rodchenkov"]
[Result "0-1"]
[WhiteElo "2240"]
[BlackElo "2521"]
[TimeControl "180+1"]
[EndTime "11:45:15 PDT"]
[Termination "Sergey85Rodchenkov won on time"]

1. e4 c5 2. Ne2 e6 3. Nbc3 a6 4.
a4 d6 5. g3 g6 6. d4 cxd4 7.
Nxd4 Bg7 8. Be3 Ne7 9. Qd2 O-O 10. Bh6 Bxh6 11. Qxh6 Nbc6 12. O-O-O Qa5 13. h4 Nxd4 14. Rxd4 Qe5 15. Qd2 Rd8 16. f4 Qc5 17. h5 Nc6 18. Rc4 Qa5 19. hxg6 fxg6 20. f5 Ne5 21.
Qh6 Rd7 22. fxe6 Rg7 23. b4 Qd8 24. e7 Rxe7 25. Nd5 Rf7 26. Bd3 Be6 27. Rc3 Ng4 28.
Qd2 Bxd5 29. exd5 Qf6 30. Rf1 Nf2 31. Qe2 Qxc3 32. Rxf2 Rxf2 33. Qxf2 Rf8 34. Qe2 Qa1+ 35. Kd2 Qf6 0-1

[Event "*** Titled Tuesday Blitz"]
[Site "Chess.com"]
[Date "2021.04.06"]
[Round "9"]
[White "2008king"]
[Black "yonaltimur"]
[Result "1-0"]
[WhiteElo "2186"]
[BlackElo "1785"]
[TimeControl "180+1"]
[EndTime "11:45:15 PDT"]
[Termination "2008king won on time"]

1. e4 c5 2. Nf3 e6 3. d4 cxd4 4. Nxd4 Nf6 5. Nc3 Nc6 6. Nxc6 bxc6 7. e5 Nd5 8. Ne4 Bb7 9. c4 Nb4 10. a3 Na6 11. Nd6+ Bxd6 12. Qxd6 Qe7 13. Be3 Qxd6 14.
exd6 c5 15. O-O-O O-O-O 16. Rg1 Kb8 17. g3 Rc8 18. f4 h5 19. Bg2 f6 20. Kc2 Bxg2 21.
Rxg2 Kb7 22. Kc3 Nb8 23. b4 Na6 24. Rb2 Ka8 25. b5 Nb8 26. a4 1-0

[Event "*** Titled Tuesday Blitz"]
[Site "Chess.com"]
[Date "2021.04.06"]
[Round "9"]
[White "MITerryble"]
[Black "Alexander_Moskalenko"]
[Result "1-0"]
[WhiteElo "2918"]
[BlackElo "2758"]
[TimeControl "180+1"]
[EndTime "11:45:17 PDT"]
[Termination "MITerryble won on time"]

1. e4 c6 2. Nf3 d5 3. exd5 cxd5 4.
Ne5 Nc6 5. d4 a6 6. c3 Bf5 7. Bd3 Bxd3 8. Nxd3 e6 9. O-O Bd6 10.
Qg4 Qf6 11. Nd2 Qg6 12. Qe2 Nge7 13. Nf3 O-O 14. Re1 b5 15. Bd2 Qh5 16. b4 a5 17.
Nc5 axb4 18. cxb4 Rfb8 19. h3 Ra3 20. Be3 Nxb4 21. Qb2 Ra4 22. Nxa4 Nd3 23. Qb3 Nxe1 24. Rxe1 bxa4 25. Qxa4 Qf5 26. Qd7 Bb4 27. Rc1 Ng6 28. Qc7 Ra8 29. Qb7 Rxa2 30. Qxb4 h6 31. Qb8+ Kh7 32.
Ne5 Nh4 33. Rc8 Ra1+ 34. Kh2 1-0

[Event "*** Titled Tuesday Blitz"]
[Site "Chess.com"]
[Date "2021.04.06"]
[Round "9"]
[White "m_ezat"]
[Black "NTBT_DHS"]
[Result "0-1"]
[WhiteElo "2563"]
[BlackElo "2723"]
[TimeControl "180+1"]
[EndTime "11:45:18 PDT"]
[Termination "NTBT_DHS won by resignation"]

1. d4 Nf6 2. c4 g6 3. Nc3 Bg7 4. e4 O-O 5. Be2 d6 6. Bg5 c5 7. d5 Qa5 8. Bd2 a6 9. a4 e6 10. Nf3 exd5 11. exd5 Qc7 12. O-O Bg4 13. h3 Bxf3 14.
Bxf3 Nbd7 15. Bf4 Ne5 16. Bxe5 dxe5 17. d6 Qb6 18. Ra3 Rad8 19. Rb3 Qxd6 20. Qxd6 Rxd6 21.
Rxb7 Re8 22. Bd5 Nxd5 23. Nxd5 e4 24. Re1 Bd4 25. g4 Kg7 26. Kg2 Re5 27. b3 h5 28. a5 h4 29. Re2 Kf8 30. f4 exf3+ 31. Kxf3 Rxe2 32. Kxe2 Re6+ 33. Kf3 Re1 34. Rb6 Rf1+ 35.
Ke4 f5+ 36. gxf5 gxf5+ 37. Kd3 Rf3+ 38. Ke2 Rxh3 39. Nf4 Re3+ 40. Kd2 h3 41. Rh6 Rf3 42.
Ne6+ Ke7 43. Nxd4 cxd4 44. Rxa6 Rxb3 45. Rh6 Kd7 46. a6 Kc7 47. c5 Rc3 48. a7 Kb7 49. Rh7+ Ka8 50. c6 Rxc6 51. Rxh3 Kxa7 52. Kd3 Rc3+ 0-1

[Event "*** Titled Tuesday Blitz"]
[Site "Chess.com"]
[Date "2021.04.06"]
[Round "9"]
[White "Snowflake"]
[Black "EfrenRamos1"]
[Result "0-1"]
[WhiteElo "2479"]
[BlackElo "2332"]
[TimeControl "180+1"]
[EndTime "11:45:18 PDT"]
[Termination "EfrenRamos1 won by resignation"]

1. e4 c5 2. Ke2 d5 3. exd5 Nf6 4. Ke3 Qxd5 5. d3 Nc6 6. c3 Bg4 7. f3 Bf5 8. Kf2 Rd8 9. Be3 e6 10. Ne2 Qxd3 11. Qb3 Nd5 12. Bc1 c4 13. Qxb7 Bc5+ 14. Kg3 Nde7 15. Bf4 g5 16. Bc7 Bd6+ 17. Bxd6 Qxd6+ 18. Kf2 Qc5+ 19. Kg3 Bxb1 20. Rxb1 h5 21. h3 Qe5+ 22.
Kf2 O-O 23. Re1 Rb8 24. Qa6 Rxb2 25. Qxc4 Rd8 26. g3 Rdd2 27. Qe4 Rxa2 28. Bg2 Qc5+ 29. Kf1 Nd5 30. c4 Ne3+ 31. Kg1 Ng4+ 0-1

[Event "*** Titled Tuesday Blitz"]
[Site "Chess.com"]
[Date "2021.04.06"]
[Round "9"]
[White "Iskusnyh"]
[Black "Ind1anStar"]
[Result "1-0"]
[WhiteElo "2640"]
[BlackElo "2514"]
[TimeControl "180+1"]
[EndTime "11:45:21 PDT"]
[Termination "Iskusnyh won by resignation"]

1. d4 d5 2. c4 e6 3. Nf3 Nf6 4. g3 dxc4 5. Bg2 Bd7 6. O-O Bc6 7.
Qc2 b5 8. Bg5 Be7 9. Nbd2 Bxf3 10. Nxf3 c6 11. b3 cxb3 12. axb3 Nd5 13. Bd2 O-O 14. Ba5 Qc8 15. Rfc1 f6 16. Bh3 b4 17.
Qc4 f5 18. Ne5 Nc3 19. Rc2 Nb5 20. Bxb4 Bxb4 21. Qxb4 Qd8 22. e3 a5 23. Qc4 Qd5 24.
Bg2 Qxc4 25. bxc4 Nd6 26. c5 Ne4 27. Rca2 Na6 28. Rxa5 Nc7 29. Rxa8 Nxa8 30. Bxe4 fxe4 1-0

[Event "*** Titled Tuesday Blitz"]
[Site "Chess.com"]
[Date "2021.04.06"]
[Round "9"]
[White "Das_Virus_2020"]
[Black "Spencenzug"]
[Result "0-1"]
[WhiteElo "2411"]
[BlackElo "2268"]
[TimeControl "180+1"]
[EndTime "11:45:22 PDT"]
[Termination "Spencenzug won by resignation"]

1. e4 c5 2. c3 Nf6 3. e5 Nd5 4.
d4 cxd4 5. cxd4 Nc6 6. Nf3 d6 7. Bc4 Nb6 8. Bb3 Na5 9. Nc3 dxe5 10. Bxf7+ Kxf7 11. Nxe5+ Kg8 12. Qh5 g6 13. Nxg6 hxg6 14. Qxa5 Bf5 15. Be3 Nc4 16. Qb5 Nxe3 17. fxe3 Bh6 18.
e4 Be6 19. d5 Bf7 20. Qd3 Qb6 21. b3 Rd8 22. Rd1 Bg7 23. Ne2 Be5 24. h3 e6 25.
Qf3 exd5 26. exd5 Qa5+ 27. Kf2 Rxd5 28. Rxd5 Qxd5 29. Qg4 Rh5 30. Rc1 Rf5+ 31. Kg1 Qd2 32. Rf1 Qe3+ 0-1

[Event "*** Titled Tuesday Blitz"]
[Site "Chess.com"]
[Date "2021.04.06"]
[Round "9"]
[White "eldur16"]
[Black "anon102030"]
[Result "1-0"]
[WhiteElo "2605"]
[BlackElo "2736"]
[TimeControl "180+1"]
[EndTime "11:45:25 PDT"]
[Termination "eldur16 won on time"]

1. Nf3 d6 2. d4 g6 3. e4 Bg7 4. Nc3 Nd7 5. Be2 e5 6. O-O Ne7 7. Be3 h6 8. Qd2 g5 9. h3 Ng6 10. g3 O-O 11. Rfe1 exd4 12. Nxd4 Nde5 13. Nf5 Re8 14.
Kh2 Be6 15. f4 gxf4 16. gxf4 Nc4 17. Bxc4 Bxc4 18. Nxg7 Nh4 19. Kh1 Nf3 20. Qg2 Nxe1 21. Rxe1 Kf8 22. Nxe8 Qxe8 23. e5 Qe6 24. Kh2 d5 25.
Bc5+ Ke8 26. Qg8+ Kd7 27. Qxa8 Qf5 28. Be3 Qxc2+ 29. Kg1 Qg6+ 30. Kf2 Qh5 31. Qg8 Qh4+ 32. Qg3 Qe7 33. f5 c5 34. Bxh6 d4 35. Bg5 Qe8 36.
Ne4 Kc6 37. Nd6 1-0

[Event "*** Titled Tuesday Blitz"]
[Site "Chess.com"]
[Date "2021.04.06"]
[Round "9"]
[White "BahadirOzen"]
[Black "IANOV0007"]
[Result "1-0"]
[WhiteElo "2713"]
[BlackElo "2460"]
[TimeControl "180+1"]
[EndTime "11:45:25 PDT"]
[Termination "BahadirOzen won on time"]

1. g3 Nf6 2. Bg2 g6 3. e4 d6 4. d4 Bg7 5. Ne2 O-O 6. O-O Nbd7 7. Nbc3 e5 8. h3 a6 9. a4 b6 10.
g4 Bb7 11. d5 a5 12. Ng3 Nc5 13. Be3 c6 14. g5 Ne8 15. dxc6 Bxc6 16. Nd5 Nxa4 17.
Rxa4 Bxa4 18. Nxb6 Bc6 19. Nxa8 Bxa8 20. Qd3 Nc7 21. Rd1 Ne6 22. Qxd6 Qc8 23. Qd2 Rd8 24. Qe1 a4 25. h4 Bf8 26. Bh3 Rxd1 27. Qxd1 Qe8 28.
Bxe6 Qxe6 29. Qd8 Bc6 30. Bc5 Qe8 31. Qxe8 Bxe8 32. Bxf8 Kxf8 33. Kf1 Ke7 34. Ke2 f6 35. gxf6+ Kxf6 36. Ke3 h5 37. f4 Bd7 38. Ne2 Bg4 39. Nc3 Bd7 40. Nd5+ Ke6 41. Nb4 Bb5 42. Nd3 exf4+ 43.
Kxf4 1-0

[Event "*** Titled Tuesday Blitz"]
[Site "Chess.com"]
[Date "2021.04.06"]
[Round "9"]
[White "Treacherous_horse64"]
[Black "chessbia"]
[Result "1-0"]
[WhiteElo "2427"]
[BlackElo "2327"]
[TimeControl "180+1"]
[EndTime "11:45:26 PDT"]
[Termination "Treacherous_horse64 won on time"]

1. e4 e5 2. Nf3 Nc6 3. Bb5 a6 4. Ba4 Nf6 5. d3 d6 6. O-O Bg4 7. h3 Bh5 8. Nbd2 Be7 9. Re1 O-O 10. c3 b5 11. Bc2 Re8 12. Nf1 Bf8 13. Ng3 Bg6 14. Bg5 a5 15. Nh4 b4 16. Nxg6 hxg6 17.
d4 bxc3 18. bxc3 Re7 19. d5 Nb8 20. c4 Nbd7 21. Be3 Nc5 22. Bxc5 dxc5 23. Rb1 Rb8 24.
Qd2 Rxb1 25. Rxb1 c6 26. Qc3 cxd5 27. cxd5 Ra7 28. Qxe5 Bd6 29. Qc3 Nd7 30. Ne2 Qh4 31.
Qe3 Ne5 32. f4 Nc4 33. Qd3 Ne5 34. fxe5 Bxe5 35. Qf3 a4 36. Rf1 Qd8 37. Bd3 a3 38. Bc4 Bb8 39. d6 Qxd6 40. Bxf7+ Kh8 41. Nf4 g5 42.
Ng6+ 1-0

[Event "*** Titled Tuesday Blitz"]
[Site "Chess.com"]
[Date "2021.04.06"]
[Round "9"]
[White "chesslh19"]
[Black "cukin84"]
[Result "1/2-1/2"]
[WhiteElo "2235"]
[BlackElo "2098"]
[TimeControl "180+1"]
[EndTime "11:45:26 PDT"]
[Termination "Game drawn by agreement"]

1. e4 c6 2. d4 d5 3. Nd2 a6 4. c3 h6 5. Bd3 dxe4 6. Nxe4 Nd7 7. Nf3 Ngf6 8. Nxf6+ Nxf6 9. O-O Bg4 10. Re1 e6 11. Bf4 Bd6 12. Bg3 O-O 13. a4 Bxg3 14. hxg3 b5 15. Qd2 Qd5 16. Ne5 Bf5 17. Bxf5 exf5 18.
Qf4 c5 19. dxc5 Qxc5 20. Qxf5 b4 21. Ng6 Qxf5 22. Ne7+ Kh7 23. Nxf5 bxc3 24. bxc3 Rfc8 25. Nd6 Rxc3 26. Nxf7 Rb8 27. Rec1 Rxc1+ 28. Rxc1 Rb4 29. a5 Rb5 30. Nd6 Rxa5 31. Rc7 Nd5 32. Ra7 Nc3 33.
Ne8 Rg5 34. f3 Ne2+ 35. Kf2 Nxg3 36. Rxa6 Nh1+ 37. Kg1 Ng3 38. Kf2 Nf5 39. Nd6 Nxd6 40. Rxd6 Rc5 41. Rd2 h5 42. Re2 Kh6 43. g3 g6 44. Kg2 Ra5 45. Rd2 Rb5 1/2-1/2

[Event "*** Titled Tuesday Blitz"]
[Site "Chess.com"]
[Date "2021.04.06"]
[Round "9"]
[White "Marianov_Podstavnikov"]
[Black "Rish_97"]
[Result "1/2-1/2"]
[WhiteElo "2412"]
[BlackElo "2694"]
[TimeControl "180+1"]
[EndTime "11:45:28 PDT"]
[Termination "Game drawn by repetition"]

1. e4 e5 2. Nf3 Nc6 3. Bc4 Bc5 4. c3 Nf6 5. d4 exd4 6. e5 d5 7.
Bb5 Ne4 8. cxd4 Bb6 9. Nc3 O-O 10.
Be3 Bg4 11. h3 Bh5 12. Qc2 Bg6 13. Qb3 Ne7 14. O-O c6 15. Bd3 Qd7 16. Rad1 Rae8 17. Na4 Bh5 18. Nxb6 axb6 19. Be2 b5 20. g4 Bxg4 21.
hxg4 Qxg4+ 22. Kh1 Qh5+ 23. Kg2 Qg4+ 24. Kh1 Nf5 25.
Rg1 Qh5+ 26. Kg2 Re6 27. Kf1 Qh3+ 28. Ke1 f6 29. Nd2 Qh2 30. Nf3 Qh3 31. Nd2 Qh2 32. Nf3 Qh3 1/2-1/2

[Event "*** Titled Tuesday Blitz"]
[Site "Chess.com"]
[Date "2021.04.06"]
[Round "9"]
[White "Deepweb2020"]
[Black "laskerisalive"]
[Result "0-1"]
[WhiteElo "2504"]
[BlackElo "2454"]
[TimeControl "180+1"]
[EndTime "11:45:29 PDT"]
[Termination "laskerisalive won on time"]

1. d4 Nf6 2. c4 e6 3. g3 d5 4.
Nf3 c6 5. Bg2 dxc4 6. O-O b5 7. a4 Bb7 8. Nc3 a6 9. e4 b4 10. e5 bxc3 11. exf6 cxb2 12. Bxb2 gxf6 13. d5 cxd5 14. Nd4 Nc6 15. Nxe6 fxe6 16. Qh5+ Kd7 17.
Rfd1 Ne5 18. Rab1 Bc6 19. f4 Nd3 20. f5 e5 21. Bf1 Qb6+ 22. Kg2 Qf2+ 23. Kh3 Nf4+ 24.
gxf4 Qe3+ 25. Kh4 Qxf4+ 26. Kh3 Qe3+ 27. Kh4 Rg8 28. Qf7+ Be7 29. Qe6+ Kc7 30. Qxe7+ Bd7 0-1

[Event "*** Titled Tuesday Blitz"]
[Site "Chess.com"]
[Date "2021.04.06"]
[Round "9"]
[White "davigator"]
[Black "kamilianin235"]
[Result "1-0"]
[WhiteElo "2374"]
[BlackElo "2250"]
[TimeControl "180+1"]
[EndTime "11:45:29 PDT"]
[Termination "davigator won by checkmate"]

1. e4 c5 2. Nf3 d6 3. d4 cxd4 4. Nxd4 Nf6 5. Nc3 Nc6 6. Bg5 Qb6 7. Nb3 e6 8. Qd2 a6 9. f3 Be7 10. O-O-O Qc7 11. h4 b5 12. g4 Bb7 13. Be3 O-O-O 14.
g5 Nd7 15. f4 Nc5 16. Bg2 Kb8 17. Kb1 b4 18. Ne2 a5 19. Ng3 Na7 20. Qf2 Nb5 21.
Rhe1 Rhe8 22. Nd4 Nxd4 23. Bxd4 Bf8 24. Nh5 e5 25. Bxc5 dxc5 26. f5 Rd4 27. Ng3 Red8 28. Bf3 c4 29. Rxd4 Rxd4 30. Rd1 Bc5 31. Rxd4 Bxd4 32. Qe2 Qb6 33. Nh5 g6 34. Nf6 Ba6 35. Nd7+ Kc7 36. Nxb6 Kxb6 37. c3 bxc3 38. bxc3 Bxc3 39.
h5 Bd4 40. fxg6 fxg6 41. Qc2 Bb5 42. Be2 Kc5 43. a4 Ba6 44. Qa2 Bc3 45. Qa3+ Bb4 46. Qe3+ Kc6 47. Qa7 Bc8 48. Bxc4 Bc5 49. Qxh7 gxh5 50.
g6 Bf8 51. Qh8 Kc5 52. Qxf8+ Kxc4 53. g7 Be6 54. g8=Q Bxg8 55. Qxg8+ Kd4 56. Qd5+ Ke3 57. Qxe5 h4 58. Qf5 h3 59. Qxh3+ Kxe4 60. Qh5 Kd4 61.
Qxa5 Kc4 62. Qb5+ Kd4 63. a5 Ke4 64. a6 Kd4 65. a7 Ke4 66. a8=Q+ Kd4 67. Qad5+ Ke3 68.
Qbd3+ Kf4 69. Q5f3+ Kg5 70. Qdf5+ Kh6 71. Q3h5+ Kg7 72.
Qff7# 1-0

[Event "*** Titled Tuesday Blitz"]
[Site "Chess.com"]
[Date "2021.04.06"]
[Round "9"]
[White "Ladislav1969"]
[Black "muchojogo"]
[Result "0-1"]
[WhiteElo "2341"]
[BlackElo "2452"]
[TimeControl "180+1"]
[EndTime "11:45:31 PDT"]
[Termination "muchojogo won on time"]

1. e4 c5 2. d4 g6 3. c3 cxd4 4. cxd4 d5 5. Nc3 dxe4 6. Bc4 Bg7 7. Qb3 e6 8. d5 exd5 9. Bxd5 Qe7 10. Nxe4 Nf6 11. Bg5 O-O 12. Ne2 Nc6 13. O-O Qe5 14. Nxf6+ Bxf6 15. Bh6 Bg7 16. Bxg7 Kxg7 17.
Rfe1 Qf6 18. Ng3 Nd4 19. Qc3 Be6 20. Bxe6 Nxe6 21. Qxf6+ Kxf6 22. Ne4+ Kg7 23. Rad1 Rfd8 24. g3 Rac8 25. Rxd8 Rxd8 26. Rc1 Rd7 27. Kg2 Nd4 28. Rc4 Nf5 29. Nc5 Rd2 30. Rb4 Ne3+ 31. Kf3 Nd1 32. Nxb7 Rxf2+ 33. Ke4 Nxb2 34. a4 Rxh2 35. a5 Nd1 36. a6 Ra2 37. Nc5 Nc3+ 38. Kd3 Nd5 39.
Rb7 Nb4+ 40. Kc4 Nxa6 0-1

[Event "*** Titled Tuesday Blitz"]
[Site "Chess.com"]
[Date "2021.04.06"]
[Round "9"]
[White "Darius321"]
[Black "korkmaz16"]
[Result "0-1"]
[WhiteElo "2264"]
[BlackElo "2406"]
[TimeControl "180+1"]
[EndTime "11:45:32 PDT"]
[Termination "korkmaz16 won by checkmate"]

1. e4 e5 2. Nf3 Nc6 3. Bc4 Bc5 4. d3 Nf6 5. c3 a6 6. a4 d6 7. Nbd2 O-O 8. h3 Be6 9. Bxe6 fxe6 10. O-O d5 11.
Re1 Nh5 12. Nf1 Nf4 13. Be3 d4 14. cxd4 Nxd4 15. Nxe5 Qg5 16. Bxf4 Rxf4 17. Nd7 Nf3+ 18.
Kh1 Nxe1 19. Qxe1 Bxf2 20. Qb4 b6 21. Qc4 Qe7 22. Ne5 c5 23. Nh2 Raf8 24. Nhg4 Bg3 25.
Nf3 Rxg4 26. hxg4 Rxf3 27. Kg1 Rf7 28. Rf1 Bh2+ 29. Kxh2 Rxf1 30. d4 Qh4# 0-1

[Event "*** Titled Tuesday Blitz"]
[Site "Chess.com"]
[Date "2021.04.06"]
[Round "9"]
[White "Kretov_Evgenij"]
[Black "Witik"]
[Result "0-1"]
[WhiteElo "2612"]
[BlackElo "2735"]
[TimeControl "180+1"]
[EndTime "11:45:33 PDT"]
[Termination "Witik won by resignation"]

1. c4 e5 2. Nc3 Bb4 3. g3 Bxc3 4. bxc3 Nc6 5. Bg2 Nge7 6. Nf3 d6 7. O-O O-O 8. d4 f6 9. Ba3 b6 10. c5 bxc5 11. dxc5 d5 12. Qa4 Be6 13. Rfd1 Qe8 14. Rab1 e4 15. Ne1 Qh5 16. Qa6 Bh3 17. Nc2 Bxg2 18.
Kxg2 f5 19. Nd4 Rf6 20. Qb7 Raf8 21. Qxc7 Rh6 22. h4 f4 23. Nxc6 Nxc6 24. Rb7 Rg6 25. c4 fxg3 26. Rxd5 Qxe2 27. Rf5 Rxf5 28. Rb8+ Rf8 29.
Rxf8+ Kxf8 30. Qc8+ Kf7 31. Qf5+ Rf6 32. Qh5+ Kf8 33.
Qxh7 Qxf2+ 34. Kh3 Qf5+ 0-1

[Event "*** Titled Tuesday Blitz"]
[Site "Chess.com"]
[Date "2021.04.06"]
[Round "9"]
[White "mamonika"]
[Black "Kapibara_Warri0r"]
[Result "1-0"]
[WhiteElo "2062"]
[BlackElo "2219"]
[TimeControl "180+1"]
[EndTime "11:45:33 PDT"]
[Termination "mamonika won by resignation"]

1. e4 e5 2. Nf3 Nc6 3. Bb5 a6 4. Ba4 Nf6 5. d3 b5 6. Bb3 Be7 7. O-O O-O 8. Re1 d6 9. c3 Na5 10. Bc2 c5 11. Nbd2 Nc6 12. Nf1 Be6 13. Ng3 Qd7 14. h3 h6 15. d4 cxd4 16. cxd4 exd4 17. Nxd4 Nxd4 18. Qxd4 Bxh3 19. gxh3 Qxh3 20. Qd3 Ng4 21. Nf1 Qh5 22. e5 g6 23. exd6 Bg5 24. Bxg5 Qxg5 25. Qg3 Rac8 26. Bd1 h5 27. Bxg4 hxg4 28. Ne3 f5 29. Rad1 f4 30. Qxg4 Qh6 31. Nd5 Rc5 32. Ne7+ Kh7 33. Rd5 Rxd5 34. Nxd5 Rf5 35. Re7+ Kh8 36.
Nf6 Rg5 37. d7 Rxg4+ 38. Nxg4 Qf8 39. Re8 1-0

[Event "*** Titled Tuesday Blitz"]
[Site "Chess.com"]
[Date "2021.04.06"]
[Round "9"]
[White "Kostukov_Alex"]
[Black "MustafayevFarid2004"]
[Result "1-0"]
[WhiteElo "2307"]
[BlackElo "2428"]
[TimeControl "180+1"]
[EndTime "11:45:34 PDT"]
[Termination "Kostukov_Alex won by checkmate"]

1. g3 d5 2. Bg2 c6 3. d3 Nf6 4. e4 dxe4 5. dxe4 Qxd1+ 6. Kxd1 Nbd7 7. f3 e6 8. Be3 Bc5 9. Ke2 Bxe3 10. Kxe3 e5 11. Nd2 Nb6 12. a4 Be6 13. b3 O-O-O 14. Bh3 Rhe8 15. a5 Nbd7 16. Bxe6 Rxe6 17. Nc4 Nc5 18. Nh3 h6 19. b4 Na6 20. c3 Nc7 21. Nf2 Nb5 22. Rac1 Nd7 23. Rhd1 g6 24. g4 Kc7 25.
Rd3 Nd6 26. Na3 f5 27. Rcd1 Nf6 28. h3 Rf8 29. c4 h5 30. g5 Nfe8 31. c5 Nc8 32.
Rd7+ Kb8 33. Nc4 fxe4 34. Nxe4 Nc7 35. Rg7 Nd5+ 36. Rxd5 cxd5 37. Ncd6 d4+ 38. Ke2 Nxd6 39. Nxd6 Rxd6 40. cxd6 Rd8 41. Rxg6 Kc8 42. Re6 Kd7 43. Rxe5 Kxd6 44. Re4 Kd5 45. Kd3 Rc8 46. Rxd4+ Ke5 47. f4+ Kf5 48. Ke3 Rc3+ 49. Rd3 Rc4 50. Rd5+ Kg6 51.
Rd6+ Kf5 52. Rf6# 1-0

[Event "*** Titled Tuesday Blitz"]
[Site "Chess.com"]
[Date "2021.04.06"]
[Round "9"]
[White "bylavochka"]
[Black "KetiGrant"]
[Result "0-1"]
[WhiteElo "2222"]
[BlackElo "2359"]
[TimeControl "180+1"]
[EndTime "11:45:34 PDT"]
[Termination "KetiGrant won on time"]

1. e4 c5 2. Nf3 Nc6 3. d4 cxd4 4.
Nxd4 e5 5. Nb5 d6 6. N1c3 a6 7. Na3 Be7 8. Nd5 Nf6 9. Nxf6+ Bxf6 10. Nc4 Be7 11. Ne3 O-O 12. Bd3 Be6 13. O-O Bg5 14. Nd5 Bxc1 15. Rxc1 Bxd5 16. exd5 Ne7 17.
c4 f5 18. f3 Qb6+ 19. Rf2 e4 20. Bb1 e3 21. Re2 f4 22. Qd3 g6 23. a3 Nf5 24.
b4 Rac8 25. Rec2 Qd4 26. Re2 b5 27. c5 dxc5 28. bxc5 Rxc5 29. Rxc5 Qxc5 30. Rc2 Qb6 31. Rc6 Qa5 32. Kf1 Re8 33. Ke2 Qa4 34. Ba2 Nd4+ 35.
Ke1 Qa5+ 0-1

[Event "*** Titled Tuesday Blitz"]
[Site "Chess.com"]
[Date "2021.04.06"]
[Round "9"]
[White "J36225"]
[Black "Chernobay_Artem"]
[Result "0-1"]
[WhiteElo "2437"]
[BlackElo "2585"]
[TimeControl "180+1"]
[EndTime "11:45:37 PDT"]
[Termination "Chernobay_Artem won by resignation"]

1. e4 e6 2. d4 d5 3. exd5 exd5 4. Bd3 Bd6 5. Ne2 Ne7 6. O-O O-O 7. Bf4 Bg4 8. f3 Bf5 9. Bxf5 Nxf5 10. Qd3 Qf6 11. Bxd6 Nxd6 12. Nd2 Re8 13. Rfe1 Nd7 14. c3 Re6 15.
Ng3 Rae8 16. Rxe6 Qxe6 17. Rf1 f5 18. f4 Ne4 19. Nf3 Qb6 20. Ne5 Nxe5 21. fxe5 Rxe5 22. Nxf5 Re8 23. Ng3 Qxb2 24. Nxe4 dxe4 25. Qc4+ Kh8 26.
Qf7 Rg8 27. Qxc7 e3 28. Qc4 Qd2 29. Qe6 e2 30. Rb1 Qd1+ 0-1

[Event "*** Titled Tuesday Blitz"]
[Site "Chess.com"]
[Date "2021.04.06"]
[Round "9"]
[White "Artyom_ChessMate"]
[Black "Chandradi"]
[Result "1-0"]
[WhiteElo "2543"]
[BlackElo "2382"]
[TimeControl "180+1"]
[EndTime "11:45:37 PDT"]
[Termination "Artyom_ChessMate won by resignation"]

1. e4 c5 2. Nc3 d6 3. f4 g6 4.
Nf3 Bg7 5. Bc4 e6 6. f5 Ne7 7.
fxe6 fxe6 8. O-O O-O 9. d3 d5 10. Bb3 Nbc6 11. Bg5 Nd4 12. exd5 Nxb3 13. axb3 exd5 14.
Qe2 Re8 15. Rae1 Bf8 16. Qe5 Bf5 17. Nd2 Qd7 18. Bxe7 Rxe7 19. Qxd5+ Qxd5 20. Nxd5 Rxe1 21. Rxe1 Rd8 22. Ne3 Bd7 23. Nec4 Bg7 24. Ne5 Bc8 25. Ndf3 Re8 26. Kf2 b5 27. c3 Be6 28. Nc6 a6 29. b4 cxb4 30. Nxb4 a5 31. Nc6 a4 32. d4 Kf8 33. Ng5 Bg8 34. Rxe8+ Kxe8 35. Na7 h6 36.
Ne4 b4 37. Nb5 a3 38. bxa3 b3 39. a4 b2 40. Na3 Ba2 41. Nd2 Kd7 42. Ke2 h5 43.
Kd3 Bh6 44. Ndb1 Bb3 45. a5 Kc6 46. c4 Bf4 47. Kc3 Ba4 48. g3 Bc7 49. Kb4 Bc2 50. d5+ Kd6 51. Nxc2 h4 1-0